 Dungeon Crawl Stone Soup version 0.21.1-1-g345015f (webtiles) character file.

187 Fang the Chopper (level 5, 0/33 HPs)
             Began as a Gargoyle Berserker on May 16, 2018.
             Was a Priest of Trog.
             Slain by an adder (2 damage)
             ... on level 3 of the Dungeon.
             The game lasted 00:02:33 (2424 turns).

Fang the Chopper (Gargoyle Berserker)               Turns: 2424, Time: 00:02:33

Health: 0/33       AC:  6    Str: 22    XL:     5   Next: 66%
Magic:  5/5        EV: 12    Int:  7    God:    Trog [***...]
Gold:   124        SH:  0    Dex:  9    Spells: 4/4 levels left

rFire    . . .     SeeInvis .   a - +0 hand axe
rCold    . . .     Gourm    .   (no shield)
rNeg     + . .     Faith    .   b - +0 animal skin
rPois    ∞         Spirit   .   (no helmet)
rElec    +         Reflect  .   (no cloak)
rCorr    .         Harm     .   (no gloves)
MR       .....                  (no boots)
Stlth    ++........             (no amulet)
HPRegen  0.11/turn              (no ring)
MPRegen  0.09/turn              (no ring)

@: berserk cooldown, slowed, very slow
A: negative energy resistance 1, electricity resistance, unbreathing,
petrification resistance, rot immunity, AC +4
a: Berserk, Trog's Hand, Burn Spellbooks, Renounce Religion


You were on level 3 of the Dungeon.
You worshipped Trog.
Trog was most pleased with you.
You were very hungry.

You visited 1 branch of the dungeon, and saw 3 of its levels.

You collected 124 gold pieces.

Inventory:

Hand Weapons
 a - a +0 hand axe (weapon)
Missiles
 f - 6 tomahawks of dispersal (quivered)
Armour
 b - a +0 animal skin (worn)
Scrolls
 e - 2 scrolls of amnesia {unknown}
 l - 2 scrolls of identify {unknown}
 n - a scroll of enchant weapon {unknown}
 o - a scroll of remove curse {unknown}
Potions
 d - 4 potions of heal wounds {unknown}
 g - a potion of degeneration {unknown}
 h - 3 potions of cancellation {unknown}
 i - 2 potions of lignification {unknown}
 j - 3 potions of curing {unknown}
 k - a potion of invisibility {unknown}
 m - a potion of flight {unknown}
Comestibles
 c - 4 rations


   Skills:
 + Level 4.1 Fighting
 + Level 4.2 Axes
 + Level 2.3 Armour
 + Level 2.2 Dodging
 + Level 2.3 Stealth


You had 4 spell levels left.
You didn't know any spells.

Dungeon Overview and Level Annotations

Branches:
Dungeon (3/15)

Altars:
Sif Muna


Innate Abilities, Weirdness & Mutations

You are resistant to torment.
Your stone body is resilient. (AC +4)
You are immune to poison.
You resist negative energy. (rN+)
You are resistant to electric shocks. (rElec)
You can survive without breathing.
You are immune to petrification.
You are immune to rotting.


Message History

The adder is lightly wounded.
The adder closely misses you. The adder bites you but does no damage.
You barely miss the adder.
The adder is lightly wounded.
The adder bites you.
* * * LOW HITPOINT WARNING * * *
The adder bites you but does no damage.
You barely miss the adder.
The adder is lightly wounded.
The adder closely misses you. The adder bites you.
* * * LOW HITPOINT WARNING * * *
The adder bites you but does no damage.
You hit the adder.
The adder is moderately wounded.
The adder bites you but does no damage.
You miss the adder.
The adder is moderately wounded.
The adder bites you but does no damage. The adder barely misses you.
The adder bites you.
You die...

...# #.#
#.###.#######.#
#.............#
..####.#########
#...)......
#.#.###############
#.#....# #........
# #.##.# #.#######
#..#.# #@# #..#.#
#S# ####.# #.#
#.####.# #...)).#
######.# #.# ###


You could see an adder.

Vanquished Creatures
  2 orc priests
  A worker ant (D:3)
  3 adders (D:2)
  A worm (D:3)
  2 leopard geckos (D:1)
  7 orcs
  6 bats
  4 giant cockroaches
  8 goblins
  6 hobgoblins
  4 jackals (D:3)
  A ball python (D:1)
  4 frilled lizards
  7 kobolds
  12 rats
68 creatures vanquished.

Notes
Turn   | Place    | Note
-------+----------+-------------------------------------------
     0 | D:1      | Fang the Gargoyle Berserker began the quest for the Orb.
     0 | D:1      | Reached XP level 1. HP: 14/14 MP: 1/1
   380 | D:1      | Reached XP level 2. HP: 19/19 MP: 2/2
   897 | D:1      | Reached ** piety under Trog
   897 | D:1      | Reached XP level 3. HP: 23/23 MP: 3/3
  1270 | D:2      | Reached skill level 1 in Stealth
  1270 | D:2      | Reached XP level 4. HP: 12/29 MP: 4/4
  1963 | D:2      | Found a deep blue altar of Sif Muna.
  2252 | D:3      | Reached XP level 5. HP: 31/33 MP: 5/5
  2397 | D:3      | Reached *** piety under Trog
  2422 | D:3      | HP: 1/33 [adder (4)]
  2424 | D:3      | Slain by an adder

Skill      XL: |  1  2  3  4  5 |
---------------+----------------+-----
Axes           | 3 4 |  4.2
Dodging        | 2 |  2.2
Stealth        | 1 2 |  2.3
Fighting       | 4 |  4.1
Armour         | |  2.3

Action                   |  1- 3 |  4- 6 || total
-------------------------+-------+-------++-------
Melee: Hand axe          |    69 |   148 ||   217
Throw: Tomahawk          |     1 |       ||     1
Invok: Berserk           |     1 |     1 ||     2
 Stab: Sleeping          |     1 |     4 ||     5
       Distracted        |     1 |       ||     1
  Eat: Chunk             |       |     6 ||     6
Armor: Animal skin       |    27 |    53 ||    80
Dodge: Dodged            |    50 |   103 ||   153
